Map: Miner Evacuation

Players

monk

  • Race: Protoss Protoss
  • Spawn Location: 7:00

Synizta

  • Race: Terran Terran
  • League: Platinum
  • Spawn Location: 7:00

VOD

Have the link to the VOD?

Description

Time

  • Played on: Oct. 25, 2017, 2:23 a.m.
  • Length: 25:28
Show
View Real Time Build Order
Export as new Build Order

monk Protoss 

Build Orders:  

Get SALT Encoding   

  12  0:01  Probe (Chrono Boost)  
  13  0:13  Probe (Chrono Boost)  
  14  0:25  Probe (Chrono Boost)  
  15  0:32  Pylon  
  15  0:37  Probe (Chrono Boost)  
  16  0:49  Probe (Chrono Boost)  
  16  0:50  Assimilator  
  17  1:01  Probe (Chrono Boost)  
  17  1:06  Assimilator  
  18  1:13  Probe (Chrono Boost)  
  19  1:25  Probe (Chrono Boost)  
  20  1:34  Gateway  
  20  1:37  Probe (Chrono Boost)  
  20  1:49  Probe (Chrono Boost)  
  22  2:01  Forge  
  22  2:02  Probe (Chrono Boost)  
  15  2:20  Probe (Chrono Boost)  
  23  2:21  Pylon  
  24  2:32  Probe (Chrono Boost)  
  25  2:44  Probe (Chrono Boost)  
  25  2:45  Cybernetics Core  
  26  2:56  Probe (Chrono Boost)  
  27  3:08  Probe (Chrono Boost)  
  28  3:26  Pylon  
  28  3:29  Photon Cannon  
  28  3:46  Photon Cannon x2  
  28  4:06  Stargate  
  28  4:15  Pylon  
  28  4:34  Photon Cannon  
  28  4:35  Photon Cannon  
  28  4:52  Photon Cannon  
  28  5:05  Solar Efficiency Level 1  
  28  5:10  Fleet Beacon  
  28  6:04  Carrier (Chrono Boost)  
  28  6:18  Photon Cannon  
  28  6:27  Probe  
  35  6:42  Probe  
  36  6:59  Photon Cannon  
  36  7:05  Probe  
  37  7:20  Probe  
  38  7:43  Carrier (Chrono Boost)  
  38  7:45  Nexus  
  38  7:46  Probe  
  38  7:49  Assimilator  
  39  7:51  Assimilator  
  39  7:53  Energizer  
  41  8:01  Probe  
  42  8:22  Pylon  
  42  8:24  Probe  
  42  8:25  Carrier (Chrono Boost)  
  49  8:39  Probe  
  50  8:53  Probe (Chrono Boost)  
  51  9:06  Probe (Chrono Boost)  
  52  9:20  Probe (Chrono Boost)  
  52  9:24  Probe (Chrono Boost)  
  52  9:26  Probe (Chrono Boost)  
  52  9:27  Stargate  
  59  9:32  Protoss Air Weapons Level 1 (Chrono Boost)  
  61  9:41  Probe x2 (Chrono Boost)  
  63  9:53  Probe (Chrono Boost)  
  64  10:02  Probe (Chrono Boost)  
  64  10:07  Probe (Chrono Boost)  
  66  10:16  Probe (Chrono Boost)  
  67  10:22  Carrier  
  67  10:24  Probe (Chrono Boost)  
  67  10:28  Probe (Chrono Boost)  
  68  10:35  Carrier  
  68  10:37  Pylon  
  68  10:38  Probe (Chrono Boost)  
  76  10:47  Probe (Chrono Boost)  
  76  10:48  Protoss Air Weapons Level 2 (Chrono Boost)  
  77  10:50  Pylon  
  77  10:59  Probe (Chrono Boost)  
  77  11:02  Twilight Council  
  78  11:18  Pylon  
  84  11:26  Shield Battery  
  84  11:33  Carrier  
  84  11:40  Shield Battery  
  84  11:41  Rapid Recharging  
  84  11:42  Shield Battery  
  84  11:47  Fortification Barrier, Shield Battery  
  84  11:48  Shield Battery  
  90  12:32  Photon Cannon  
  90  12:44  Photon Cannon  
  90  13:05  Warp Gate (Chrono Boost)  
  90  13:27  Carrier  
  90  13:34  Protoss Air Weapons Level 3 (Chrono Boost)  
  90  13:38  Photon Cannon  
  90  13:46  Carrier  
  89  14:01  Probe, Pylon  
  89  14:05  Pylon  
  89  14:07  Pylon  
  102  14:15  Pylon  
  102  14:51  Pylon  
  102  14:52  Carrier  
  102  14:53  Pylon  
  102  14:56  Energizer  
  108  15:30  Carrier  
  108  15:47  Energizer, Pylon  
  114  15:50  Shield Battery  
  114  15:53  Shield Battery  
  114  15:54  Photon Cannon  
  114  15:57  Shield Battery  
  114  16:01  Pylon  
  114  16:05  Shield Battery  
  114  16:09  Photon Cannon  
  114  16:10  Photon Cannon  
  114  16:16  Carrier  
  114  16:28  Carrier  
  114  16:31  Shield Battery  
  114  16:33  Carrier  
  114  16:37  Shield Battery  
  114  16:39  Shield Battery  
  114  16:40  Photon Cannon  
  120  17:10  Energizer  
  120  17:29  Pylon  
  119  17:33  Photon Cannon  
  124  17:49  Carrier  
  130  18:23  Carrier  
  130  18:38  Pylon  
  140  18:43  Pylon  
  140  18:44  Pylon  
  140  18:47  Probe  
  141  19:14  Carrier  
  146  19:53  Probe  
  146  19:56  Pylon  
  147  20:03  Photon Cannon  
  147  20:06  Photon Cannon  
  147  20:08  Carrier, Probe, Photon Cannon  
  145  20:10  Photon Cannon  
  145  20:12  Photon Cannon  
  145  20:17  Shield Battery  
  145  20:18  Shield Battery  
  146  20:20  Shield Battery  
  146  20:22  Probe  
  146  20:23  Carrier  
  146  20:27  Shield Battery  
  153  20:30  Shield Battery  
  153  20:31  Energizer, Stargate  
  153  20:32  Shield Battery  
  153  20:36  Pylon x2  
  153  20:37  Shield Battery, Carrier  
  155  20:41  Shield Battery, Carrier  
  155  20:42  Pylon  
  155  20:44  Carrier  
  155  21:06  Probe  
  162  21:21  Probe  
  163  21:33  Pylon  
  163  21:36  Probe  
  164  21:45  Shield Battery  
  164  21:46  Shield Battery  
  164  21:48  Shield Battery  
  163  21:51  Probe  
  164  22:00  Pylon  
  164  22:02  Probe  
  169  22:10  Shield Battery  
  169  22:12  Shield Battery  
  169  22:13  Shield Battery  
  169  22:18  Shield Battery  
  167  22:20  Shield Battery  
  167  22:23  Shield Battery  
  167  22:27  Shield Battery  
  167  22:28  Shield Battery  
  167  22:29  Energizer  
  175  22:30  Photon Cannon  
  174  22:41  Energizer  
  174  22:44  Photon Cannon  
  174  22:46  Photon Cannon  
  174  22:47  Photon Cannon  
  173  23:56  Shield Battery  
  173  23:58  Shield Battery  
  173  24:00  Shield Battery  
  173  24:02  Shield Battery  
Show
View Real Time Build Order
Export as new Build Order

Synizta Terran 

Build Orders:  

Get SALT Encoding   

Tags
 
Commander
KaraxRaynor
League
Platinum
Matchup
Co-op
Replay Pack
Co-op Speedrun
Add a new tag
Caveats
  • Supply blocks, unpowered buildings, or Contaminate may cause inaccurate times.
  • Supply counts are checked every 10 seconds.